 Dungeon Crawl Stone Soup version 0.16-a0-2736-g1697cd3 (webtiles) character file.

5208 PolkaDot the Summoner (level 10, 0/75 HPs)
             Began as a Vampire Summoner on Nov 26, 2014.
             Was a Believer of Sif Muna.
             Succumbed to a killer bee's poison
             ... on level 10 of the Dungeon.
             The game lasted 00:46:50 (9682 turns).

PolkaDot the Summoner (Vampire Summoner)            Turns: 9682, Time: 00:46:51

Health: 0/75       AC: 15    Str:  7    XL:     10   Next: 35%
Magic:  8/25       EV:  9    Int: 20    God:    Sif Muna [**....]
Gold:   549        SH:  0    Dex: 14    Spells: 4 memorised, 0 levels left

rFire  . . .     SeeInvis +     l - +1 quarterstaff
rCold  . . .     Clarity  .     s - quicksilver dragon armour
rNeg   . . .     SustAb   .     (no shield)
rPois  .         Gourm    .     (no helmet)
rElec  .         Spirit   .     k - +0 cloak
rCorr  .         Warding  .     (no gloves)
rMut   .         Stasis   .     e - +0 pair of boots
MR     +++..                    (no amulet)
Stlth  ++........               g - ring of protection from magic (curse)
                                E - ring of magical power

@: lethally poisoned, very slightly contaminated, regenerating very quickly,
extremely resistant to hostile enchantments, unstealthy
A: bottle blood, fangs 3, see invisible, unbreathing
a: Channel Energy, Forget Spell, Renounce Religion


You were on level 10 of the Dungeon.
You worshipped Sif Muna.
Sif Muna was pleased with you.
You were almost alive.

You visited 2 branches of the dungeon, and saw 11 of its levels.

You collected 549 gold pieces.

Inventory:

Hand weapons
 l - a +1 quarterstaff (weapon)
Armour
 e - a +0 pair of boots (worn)
 k - a +0 cloak (worn)
 s - a quicksilver dragon armour (worn)
Jewellery
 g - a cursed ring of protection from magic (right hand)
 p - the cursed necklace of Bloodlust {*Rage +Rage MR+ Str+2 Int-2 Slay+3 Curse}
   (You found it on level 6 of the Dungeon)

   [amulet of rage]

   It affects your strength (+2).
   It affects your intelligence (-2).
   It affects your accuracy and damage with ranged weapons and melee attacks
   (+3).
   It affects your resistance to hostile enchantments.
   It lets you go berserk.
   It may make you go berserk in combat.
   It may recurse itself when equipped.
   It has a curse placed upon it.
 z - a +2 ring of strength
 E - a ring of magical power (left hand)
Magical devices
 a - a wand of slowing (41)
 f - a wand of random effects (28)
 v - a wand of confusion (16)
 B - a wand of paralysis (10)
 D - a wand of digging (14)
Scrolls
 h - 2 scrolls of magic mapping
 i - 5 scrolls of remove curse
 j - a scroll of amnesia
 m - a scroll of enchant weapon
 n - a scroll of fog {unknown}
 t - 3 scrolls of identify
 u - a scroll of recharging
 w - 2 scrolls of immolation
 x - a scroll of enchant armour {unknown}
 y - a scroll of blinking {unknown}
 A - a scroll of fear
Potions
 d - 29 potions of blood {@*1}
 q - 2 potions of cancellation
 C - a potion of brilliance
Books
 b - a book of Callings

   Spells                             Type                      Level
   Summon Small Mammal                Summoning                    1
   *Call Imp                          Summoning                    2
   *Call Canine Familiar              Summoning                    3
   *Summon Guardian Golem             Hexes/Summoning              4
   Summon Lightning Spire             Summoning/Air                4
   *Summon Ice Beast                  Ice/Summoning                4
 r - a book of Burglary

   Spells                             Type                      Level
   Swiftness                          Charms/Air                   2
   Passwall                           Transmutation/Earth          3
   Passage of Golubria                Translocation                4
   Lee's Rapid Deconstruction         Earth                        5
   Invisibility                       Hexes                        6
   Darkness                           Hexes                        7


   Skills:
 - Level 5.6 Fighting
 + Level 5.1 Staves
 - Level 7.0 Armour
 - Level 2.1 Dodging
 - Level 3.0 Stealth
 - Level 2.0 Spellcasting
 + Level 1.5 Hexes
 * Level 8.6 Summonings
 - Level 5.0 Ice Magic


You couldn't memorise any spells.
You knew the following spells:

 Your Spells              Type           Power        Failure   Level  Hunger
d - Call Canine Familiar  Summ           #####...     1%          3    ###....
g - Summon Guardian Gole  Hex/Summ       ###.....     28%         4    #####..
i - Summon Ice Beast      Ice/Summ       ####....     17%         4    #####..
s - Call Imp              Summ           #####...     1%          2    ##.....


Dungeon Overview and Level Annotations

Branches:
Dungeon (10/15)            Temple (1/1) D:4
   Lair: D:8-11         Orc: D:9-12

Altars:
Ashenzari
Cheibriados
Dithmenos
Elyvilon
Fedhas
Gozag
Kikubaaqudgha
Makhleb
Nemelex Xobeh
Okawaru
Qazlal
Ru
Sif Muna
Trog
Vehumet
Xom
Yredelemnul
Zin
The Shining One


Innate Abilities, Weirdness & Mutations

Your natural rate of healing is extremely fast.
You can bottle blood from corpses.
You have razor-sharp teeth.
You have supernaturally acute eyesight.
You can survive without breathing.


Message History

* * * LOW HITPOINT WARNING * * *
You feel sick. The hungry ghost closely misses you.
You hit the hungry ghost but do no damage.
The hungry ghost is moderately damaged.
* * * LOW HITPOINT WARNING * * *
You feel sick.
The hungry ghost hits you but does no damage.
You hit the hungry ghost.
The hungry ghost is moderately damaged.
* * * LOW HITPOINT WARNING * * *
You feel sick.
The hungry ghost hits you but does no damage.
You hit the hungry ghost.
The hungry ghost is moderately damaged.
* * * LOW HITPOINT WARNING * * *
You feel sick.
The hungry ghost hits you but does no damage.
You hit the hungry ghost.
The hungry ghost is heavily damaged.
You die...

.... ....
... ..#
###..# #
....###.#
#.......#
#W......#
#@......#
#.......#
........#
###......#
. ......#
...#
......
...# .....
...# ....
...# .


You could see a hungry ghost (inner flame).

Vanquished Creatures
  2 hippogriffs
  2 orc warriors
  4 centaurs
  A black bear (D:9)
  3 ogres
  A sky beast (D:6)
  2 ice beasts
  A phantom (D:7)
  A big kobold (D:7)
  2 giant frogs (D:6)
  Blork the orc (D:6)
  A water moccasin skeleton (D:7)
  2 scorpions
  4 wights (D:7)
  2 crimson imps
  A goliath beetle (D:6)
  A quasit (D:8)
  A giant frog zombie (D:5)
  2 orc priests (D:9)
  4 hounds
  A giant frog skeleton (D:6)
  An iguana (D:6)
  10 orc wizards
  4 worker ants
  A sheep (D:9)
  Jessica (D:2)
  A hound skeleton (D:6)
  A mummy (D:9)
  A gnoll (D:8)
  A river rat (D:6)
  6 adders
  A giant mite (D:6)
  A worm (D:3)
  An adder zombie (D:7)
  4 giant geckos
  An ooze (D:5)
  33 orcs
  A ball python (D:3)
  3 giant cockroaches (D:2)
  13 hobgoblins
  5 quokkas
  13 bats
  A giant gecko zombie (D:6)
  5 giant newts
  13 goblins
  A goblin skeleton (D:5)
  2 hobgoblin zombies (D:5)
  10 jackals
  8 kobolds
  An orc zombie (D:5)
  15 rats
198 creatures vanquished.

Vanquished Creatures (collateral kills)
  The ghost of Fusha the Caregiver, an experienced FoHe of Elyvilon (D:7)
  A troll (D:9)
  A deep elf mage (D:7)
  A wyvern (D:9)
  A hog (D:9)
  Eustachio (D:6)
  A human (D:9)
  3 ogres
  A water moccasin (D:8)
  5 orc warriors
  2 centaurs (D:5)
  Sigmund (D:2)
  Duvessa (D:7)
  6 killer bees
  A scorpion (D:7)
  A wight (D:7)
  3 crimson imps
  Dowan (D:7)
  3 quasits
  2 electric eels (D:7)
  2 jellies
  3 goliath beetles
  6 orc priests
  2 hounds
  A centaur skeleton (D:4)
  2 iguanas
  4 orc wizards
  2 sheep (D:9)
  Ijyb (D:3)
  Terence (D:2)
  4 adders
  3 gnolls (D:8)
  A worm (D:2)
  25 orcs
  A giant cockroach (D:5)
  A hobgoblin (D:7)
  3 jackals (D:5)
  2 bats
  4 goblins (D:3)
  A goblin skeleton (D:5)
  A goblin zombie (D:5)
  A hobgoblin zombie (D:5)
  3 kobolds
  3 kobold skeletons (D:5)
  A quokka skeleton (D:4)
  6 rats
121 creatures vanquished.

Vanquished Creatures (others)
  2 wolves (D:9)
  16 ice beasts
  2 crimson imps
  14 hounds
  3 iron imps
  A shadow imp (D:9)
  2 white imps
  A bat (D:1)
  A kobold (D:7)
  A quokka (D:4)
  2 rats (D:1)
45 creatures vanquished.

Grand Total: 364 creatures vanquished

Notes
Turn   | Place    | Note
--------------------------------------------------------------
     0 | D:1      | PolkaDot, the Vampire Summoner, began the quest for the Orb.
     0 | D:1      | Reached XP level 1. HP: 13/13 MP: 3/3
    59 | D:1      | Reached skill level 1 in Fighting
   164 | D:1      | Reached XP level 2. HP: 18/21 MP: 4/4
   733 | D:1      | Learned a level 2 spell: Call Imp
   869 | D:2      | Noticed Terence
   891 | D:2      | HP: 1/23 [Terence/hand axe (11)]
   909 | D:2      | Killed Terence
   909 | D:2      | Reached XP level 3. HP: 7/28 MP: 0/6
  1042 | D:2      | Learned a level 3 spell: Call Canine Familiar
  1243 | D:2      | Found an iron altar of Okawaru.
  1283 | D:2      | Noticed Jessica
  1293 | D:2      | Killed Jessica
  1363 | D:2      | Reached XP level 4. HP: 35/35 MP: 7/7
  1653 | D:2      | Noticed Sigmund
  1672 | D:2      | Killed Sigmund
  1689 | D:2      | Reached XP level 5. HP: 31/42 MP: 3/9
  2150 | D:3      | Noticed Ijyb
  2168 | D:3      | Killed Ijyb
  2411 | D:3      | Found a stormy altar of Qazlal.
  2673 | D:4      | Found a staircase to the Ecumenical Temple.
  2698 | Temple   | Entered the Ecumenical Temple
  2777 | Temple   | Became a worshipper of Sif Muna the Loreminder
  2921 | D:4      | Reached skill level 5 in Fighting
  2923 | D:4      | Noticed an ogre
  2959 | D:4      | HP: 1/44 [orc priest/divine providence (15)]
  3004 | D:4      | Killed an ogre
  3004 | D:4      | Reached XP level 6. HP: 18/51 MP: 2/10
  3580 | D:4      | Learned a level 4 spell: Summon Ice Beast
  3612 | D:4      | Reached skill level 1 in Ice Magic
  3620 | D:5      | Entered Level 5 of the Dungeon
  3867 | D:5      | Found a glowing golden altar of the Shining One.
  3898 | D:5      | Reached XP level 7. HP: 48/56 MP: 12/12
  3989 | D:5      | Reached skill level 5 in Summonings
  4070 | D:5      | Acquired Sif Muna's first power
  4070 | D:5      | Reached skill level 1 in Staves
  4475 | D:6      | Found a shattered altar of Ashenzari.
  4859 | D:6      | Noticed Eustachio
  4869 | D:6      | Reached skill level 1 in Armour
  4910 | D:6      | Reached XP level 8. HP: 22/63 MP: 3/13
  4917 | D:6      | Killed Eustachio
  5172 | D:6      | Reached skill level 6 in Summonings
  5529 | D:6      | Noticed Blork the orc
  5551 | D:6      | Killed Blork the orc
  5842 | D:6      | Reached skill level 5 in Ice Magic
  6089 | D:7      | Acquired Sif Muna's second power
  6291 | D:7      | Reached XP level 9. HP: 68/68 MP: 14/14
  6805 | D:7      | Reached skill level 7 in Summonings
  6864 | D:7      | Noticed Dowan
  6865 | D:7      | Noticed Duvessa
  6884 | D:7      | Killed Duvessa
  6885 | D:7      | Killed Dowan
  7110 | D:7      | Noticed Fusha's ghost (experienced FoHe)
  7130 | D:7      | Killed Fusha's ghost
  7130 | D:7      | Reached skill level 5 in Armour
  7671 | D:8      | Found a blossoming altar of Fedhas.
  7671 | D:8      | Found a shadowy altar of Dithmenos.
  7696 | D:8      | Found a glowing silver altar of Zin.
  7697 | D:8      | Found a snail-covered altar of Cheibriados.
  8531 | D:9      | Reached skill level 8 in Summonings
  8531 | D:9      | Reached XP level 10. HP: 50/75 MP: 16/16
  9140 | D:9      | Reached skill level 5 in Staves
  9289 | D:9      | Learned a level 4 spell: Summon Guardian Golem
  9301 | D:10     | Entered Level 10 of the Dungeon
  9570 | D:10     | Found an iron altar of Okawaru.
  9654 | D:10     | Reached skill level 1 in Hexes
  9679 | D:10     | HP: 3/75 [poisoned by a killer bee]
  9680 | D:10     | HP: 1/75 [poisoned by a killer bee]
  9682 | D:10     | Succumbed to a killer bee's poison

Action                   |  1- 3 |  4- 6 |  7- 9 | 10-12 || total
-------------------------+-------+-------+-------+-------++-------
Melee: Unarmed           |    68 |       |       |       ||    68
       Dagger            |    95 |       |       |       ||    95
       Spear             |     9 |   243 |       |       ||   252
       Trident           |       |    33 |       |       ||    33
       Quarterstaff      |       |       |   567 |   157 ||   724
 Cast: Summon Small Mamm |     6 |     2 |       |       ||     8
       Call Imp          |     6 |    17 |    16 |     4 ||    43
       Call Canine Famil |       |    14 |    23 |    10 ||    47
       Summon Ice Beast  |       |       |    32 |    31 ||    63
Invok: Channel Energy    |       |       |    29 |    36 ||    65
  Use: Potion            |    11 |    19 |    51 |    22 ||   103
       Scroll            |       |    11 |     3 |     3 ||    17
 Stab: Sleeping          |     3 |     4 |     2 |       ||     9
       Distracted        |       |     1 |     1 |     1 ||     3
  Eat: Corpse            |     5 |       |       |       ||     5
